Cogmind - Beta 13 @@@ ROGUE MODE // 2024.04.22 @ 12:55:49 Player: Oldman Pu Result: Destroyed by S-10 Pest with Light Assault Rifle Performance ------------- Evolutions (0) 0 Regions Visited (2) 400 Robots Destroyed (21) 105 Value Destroyed (463) 463 Prototype IDs (0) 0 Alien Tech Used (0) 0 Bonus (0) 0 TOTAL SCORE: 968 Bonus ------- None Cogmind --------- Core Integrity 0/250 Matter 142/300 Energy 100/100 System Corruption 0% Temperature Cool (0) Movement Core (400) Ox7 Location -10/Subcaves Parts ------- > --- POWER (1) -------- (None) > --- PROPULSION (2) --- (None) > --- UTILITY (2) ------ Large Storage Unit Targeting Computer > --- WEAPON (2) ------- Light Cannon > --- INVENTORY (15) --- Ion Engine Ion Engine Compact Wheel Compact Wheel Compact Wheel Compact Wheel Compact Wheel Compact Wheel Compact Wheel Heat Sink Heat Sink High-capacity Matter Pod (171) Light Assault Rifle Peak State ------------ > --- POWER ------------ Light Nuclear Core > --- PROPULSION ------- Compact Wheel Compact Wheel > --- UTILITY ---------- Large Storage Unit Targeting Computer > --- WEAPON ----------- Subdweller Laser Assault Rifle > --- INVENTORY -------- Ion Engine Ion Engine Compact Wheel Compact Wheel Compact Wheel Compact Wheel Compact Wheel Compact Wheel Compact Wheel Heat Sink Heat Sink High-capacity Matter Pod Light Assault Rifle Light Cannon [Rating: 11] Favorites ----------- Power Light Nuclear Core Engine Ion Engine Power Core Light Nuclear Core Propulsion Compact Wheel Wheel Compact Wheel Utility Targeting Computer Storage Large Storage Unit Processor Targeting Computer Protection Weapon Shielding Weapon Assault Rifle Energy Gun Subdweller Laser Ballistic Gun Assault Rifle Ballistic Cannon Light Cannon Build | -11 -10 -10 ------- Run | Yrd Mat Sub Slots Evolved . | . . . Power . | . . . Propulsion . | . . . Utility . | . . . Weapon . | . . . Parts Attached 19 | 6 11 2 Power 2 | 1 1 . Engine 1 | 1 . . Core 1 | . 1 . Reactor . | . . . Propulsion 5 | 2 3 . Treads . | . . . Leg . | . . . Wheel 5 | 2 3 . Hover . | . . . Flight . | . . . Utility 4 | 1 3 . Device . | . . . Storage 2 | 1 1 . Processor 1 | . 1 . Hackware . | . . . Protection 1 | . 1 . Artifact . | . . . Weapon 8 | 2 4 2 Energy Gun 2 | 1 . 1 Energy Cannon . | . . . Ballistic Gun 3 | 1 2 . Ballistic Cannon 3 | . 2 1 Launcher . | . . . Special Weapon . | . . . Impact Weapon . | . . . Slashing Weapon . | . . . Piercing Weapon . | . . . Special Melee Weapon . | . . . Unidentified Prototypes . | . . . Parts Lost 8 | . 3 5 Power 1 | . . 1 Propulsion 4 | . 2 2 Utility . | . . . Weapon 3 | . 1 2 Highest Loss Streak 4 | . 2 4 To Critical Strikes . | . . . Average Slot Usage (%) 90 | . 92 81 Engine 3 | . 4 . Core 9 | . 9 8 Wheel 20 | . 20 15 Storage 14 | . 14 14 Processor 11 | . 11 14 Protection 1 | . 2 . Energy Gun 1 | . . 6 Ballistic Gun 16 | . 17 8 Ballistic Cannon 10 | . 10 12 Naked Turns . | . . . Heaviest Build 30 | 13 30 30 Greatest Support 32 | 26 32 32 Greatest Overweight (x) 9 | 2 9 8 Average Overweight (x) 1 | . 1 1 Largest Inventory Capacity 15 | 8 15 15 Average Capacity 13 | 7 13 15 Most Carried 15 | . 15 14 Average Carried 9 | . 9 13 Final Capacity 15 | 8 15 15 Final Carried 13 | . 13 13 Class Distribution -------------------- 100% | Mutant Dominant Class ---------------- Mutant | -10/Materials Mutant | -10/Subcaves Resources | -11 -10 -10 ----------- Run | Yrd Mat Sub Matter Collected 853 | 188 630 35 Remotely . | . . . Salvage Created 847 | . 678 169 Parts 58 | . 49 9 Haulers Intercepted 2 | . 2 . Recyclers Shooed 1 | . 1 . Parts Field Recycled . | . . . Retrieved Matter . | . . . Parts Self-Destructed 9 | . . 9 Prevented . | . . . Kills | -11 -10 -10 ------- Run | Yrd Mat Sub Combat Hostiles Destroyed 15 | . 14 1 Guns 9 | . 8 1 Cannons 6 | . 6 . Classes Destroyed 6 | . 5 1 Hauler 2 | . 2 . Recycler 2 | . 2 . Watcher 2 | . 2 . Swarmer 6 | . 6 . Grunt 8 | . 8 . Subdweller 1 | . . 1 Best Kill Streak 7 | . 7 1 Combat Bots Only 3 | . 3 1 Max Kills in Single Turn 1 | . 1 1 Gunslinging . | . . . Exploded . | . . . Melee . | . . . Uniques/NPCs Destroyed . | . . . Combat | -11 -10 -10 -------- Run | Yrd Mat Sub Hostile Shots Fired 110 | . 57 53 Missed 34 | . 21 13 Damage Taken 1127 | . 505 622 Core 257 | . 37 220 Absorbed by Shields . | . . . Redirected to Shielding 41 | . 41 . Core Remaining (%) 100 | 100 . . Volleys Fired 85 | . 62 23 Largest 2 | . 2 2 Hottest 95 | . 55 95 Shots Fired 164 | . 122 42 Gun 124 | . 96 28 Cannon 40 | . 26 14 Launcher . | . . . Special . | . . . Kinetic 150 | . 122 28 Thermal 14 | . . 14 Explosive . | . . . Electromagnetic . | . . . Robot Hit Streak 38 | . 10 38 Robot Miss Streak 10 | . 10 1 Penetration Max . | . . . Secondary Targets . | . . . Shots Hit Robots 104 | . 65 39 Core Hits 36 | . 27 9 Critical Kills . | . . . Critical Parts Destroyed . | . . . Critical Strikes 1 | . 1 . Blast 1 | . 1 . Melee Attacks . | . . . Impact . | . . . Slashing . | . . . Piercing . | . . . Sneak Attacks . | . . . Combat Hostiles . | . . . Follow-up Attacks . | . . . Damage Inflicted 1568 | . 922 646 Guns 1103 | . 651 452 Cannons 465 | . 271 194 Explosions . | . . . Melee . | . . . Ramming . | . . . Kinetic 1295 | . 922 373 Thermal 273 | . . 273 Explosive . | . . . Electromagnetic . | . . . Impact . | . . . Slashing . | . . . Piercing . | . . . Highest Corruption . | . . . Average Corruption . | . . . Corruption Purged . | . . . Corruption Blocked . | . . . Overload Shots . | . . . Overflow Damage 1 | . . 1 Projectiles 1 | . . 1 Explosions . | . . . Melee . | . . . Knockbacks 6 | . 3 3 Impact . | . . . Kinetic 6 | . 3 3 Secondary . | . . . Self-Inflicted Damage 101 | . 101 . Shots 1 | . 1 . Rammed . | . . . Targets Rammed . | . . . Kicked . | . . . Crushed . | . . . Highest Temperature 42 | . 42 . Average Temperature 18 | . 18 . Received Heat Transfer 261 | . 189 72 Siege Activations . | . . . Robots Corrupted . | . . . Combat Hostiles . | . . . Parts Fried . | . . . Impact Corruptions . | . . . Robots Melted . | . . . Combat Hostiles . | . . . Parts Melted . | . . . Heat Transferred 325 | . . 325 Parts Sabotaged . | . . . Parts Stolen . | . . . Parts Stripped . | . . . Power Chain Reactions . | . . . Alert | -11 -10 -10 ------- Run | Yrd Mat Sub Peak Influence 323 | . 323 . Initial . | . . . Average 115 | . 118 . Maximum Alert Level 1 | . 1 . Low Security (%) 85 | 100 84 . Level 1 14 | . 15 . Level 2 . | . . . Level 3 . | . . . Level 4 . | . . . Level 5 . | . . . High Security . | . . . Max Security . | . . . Squads Dispatched 2 | . 2 . Investigation 2 | . 2 . Extermination . | . . . Reinforcement . | . . . Assault . | . . . Garrison . | . . . Intercept . | . . . Searches Triggered . | . . . Construction Impeded . | . . . Haulers Reinforced . | . . . Active Scanning Responses . | . . . Cargo Convoy Interrupts . | . . . Stealth | -11 -10 -10 --------- Run | Yrd Mat Sub Distress Signals 1 | . 1 . Communications Jammed . | . . . Distress Signals . | . . . Times Spotted 36 | . 26 10 Peak Tracking Total 5 | . 5 5 Tactical Retreats 2 | . 1 1 Traps | -11 -10 -10 ------- Run | Yrd Mat Sub Traps Triggered 2 | . 2 . Indirectly . | . . . Trap Hack Attempts . | . . . Triggered . | . . . Disarmed . | . . . Reprogrammed . | . . . Reused . | . . . Traps Extracted . | . . . Installed . | . . . Triggered . | . . . Machines | -11 -10 -10 ---------- Run | Yrd Mat Sub Machines Disabled 3 | . 3 . Max in Single Turn 2 | . 2 . Machines Repaired . | . . . Machines Dismantled . | . . . Machines Sabotaged . | . . . Overloaded Fab Kills . | . . . Hacking | -11 -10 -10 --------- Run | Yrd Mat Sub Machines Accessed 6 | . 6 . Terminals 4 | . 4 . Fabricators . | . . . Repair Stations . | . . . Recycling Units 2 | . 2 . Scanalyzers . | . . . Garrison Access . | . . . Total Hacks 11 | . 11 . Successful 8 | . 8 . Failed 3 | . 3 . Catastrophic . | . . . Database Lockouts . | . . . Manual . | . . . Terminals 9 | . 9 . Fabricators . | . . . Repair Stations . | . . . Recycling Units 2 | . 2 . Scanalyzers . | . . . Garrison Access . | . . . Terminal Hacks 6 | . 6 . Record 1 | . 1 . Emergency Access Points 2 | . 2 . Locate Traps 1 | . 1 . Dispatch Records 1 | . 1 . Hauler Manifests 1 | . 1 . Fabricator Hacks . | . . . Repair Station Hacks . | . . . Recycling Unit Hacks 2 | . 2 . Report Inventory 2 | . 2 . Scanalyzer . | . . . Garrison Access Hacks . | . . . Unauthorized Hacks . | . . . Terminals . | . . . Fabricators . | . . . Repair Stations . | . . . Recycling Units . | . . . Scanalyzers . | . . . Garrison Access . | . . . Data Cores Recovered . | . . . Used . | . . . Hacking Detections . | . . . Full Trace Events . | . . . Feedback Events . | . . . Feedback Blocked . | . . . Robot Schematics Acquired . | . . . Robots Built . | . . . Authchips . | . . . Time . | . . . Total Robot Build Rating . | . . . Part Schematics Acquired . | . . . Parts Built . | . . . Authchips . | . . . Time . | . . . Total Part Build Rating . | . . . Parts Repaired . | . . . Time . | . . . Parts Recycled . | . . . Recycled Matter . | . . . Retrieved Matter . | . . . Retrieved Components . | . . . Parts Scanalyzed . | . . . Part Schematics Acquired . | . . . Parts Damaged . | . . . Bothacking | -11 -10 -10 ------------ Run | Yrd Mat Sub Used RIF Installer . | . . . Robots Hacked . | . . . Non-combat . | . . . Combat . | . . . Robot Hacks Applied . | . . . Relay Couplers Released . | . . . Fabnet Peak Effective % . | . . . Robots Rewired . | . . . Allies Hacked . | . . . Hacks Repelled . | . . . Allies | -11 -10 -10 -------- Run | Yrd Mat Sub Total Allies . | . . . Largest Group . | . . . Highest-Rated Group . | . . . Highest-Rated Ally . | . . . Total Orders . | . . . Ally Attacks . | . . . Total Damage . | . . . Kills . | . . . Allies Corrupted . | . . . Allies Melted . | . . . Intel | -11 -10 -10 ------- Run | Yrd Mat Sub Robot Analysis Total . | . . . Derelict Logs Recovered . | . . . Drone Launches . | . . . Drone Recoveries . | . . . Exploration | -11 -10 -10 ------------- Run | Yrd Mat Sub Turns Passed 2101 | 43 1845 213 Spaces Moved 1130 | 29 1008 93 Core 89 | 9 67 13 Treads . | . . . Legs . | . . . Wheels 1041 | 20 941 80 Hover . | . . . Flight . | . . . Fastest Speed 50 | 50 90 100 Average Speed 126 | 98 125 148 Slowest Speed 500 | 150 500 450 Overloaded Moves . | . . . Propulsion Burnouts . | . . . Robots Hopped . | . . . Cave-ins Triggered . | . . . Exploration Rate (%) 37 | 5 100 8 Regions Visited 2 Branch Regions 1 Pre-discovered Areas . | . . . Known Exits Taken . | . . . Unknown Exits Taken 2 | 1 1 . Scrap Searched . | . . . Spaces Dug . | . . . Terrain Destroyed 8 | . 8 . Melee . | . . . Projectile . | . . . AOE 8 | . 8 . Terrain Rammed . | . . . Walls Destroyed . | . . . Machines Disabled . | . . . Actions | -11 -10 -10 --------- Run | Yrd Mat Sub Total 1630 | 40 1464 126 Wait 374 | 6 361 7 Move 1128 | 28 1007 93 Hop . | . . . Pick Up 17 | . 16 1 Fast Attach 10 | 6 4 . Attach 3 | . 2 1 Detach . | . . . Swap 6 | . 5 1 Drop 7 | . 7 . Fire 85 | . 62 23 Melee . | . . . Ram . | . . . Kick . | . . . Crush . | . . . Escape Stasis . | . . . Rewire . | . . . Trap . | . . . Miscellaneous . | . . . Route ------- -11/Scrapyard -10/Materials (discovered 6 exits: [*Mat x3] / [*Min x2] / [*Sub]) -10/Subcaves History --------- Turn | Location | Event 18 | -11/Scrapyard | Discovered new exit (range 16) 44 | -11/Scrapyard | Entered Materials 88 | -10/Materials | Discovered new exit (range 10) 271 | -10/Materials | Discovered new exit (range 12) 309 | -10/Materials | Build established: Mutant 438 | -10/Materials | Discovered new exit (range 13) 667 | -10/Materials | Discovered new exit (range 14) 784 | -10/Materials | Discovered new exit (range 12) 1879 | -10/Materials | Discovered new exit (range 7) 1889 | -10/Materials | Entered Subcaves 2021 | -10/Subcaves | Core integrity fell below 50% 2033 | -10/Subcaves | Core integrity fell below 20% 2052 | -10/Subcaves | Lost 4 parts (1p2n1w) 2102 | -10/Subcaves | Destroyed by S-10 Pest with Light Assault Rifle Last Messages --------------- GOAL=ESCAPE 01906_ UK-XCP(R) destroyed. 01913_ Subatomizers dissect the Sub. Laser. 01915_ VB-VJ8(R) destroyed. 01920_ Acquired Sub. Laser. 01921_ 0D-6SJ(R) knocked back. 01924_ 0D-6SJ(R) destroyed. 01927_ Subatomizers dissect the Sub. Monowheel. 02007_ Com. Wheel destroyed. 02011_ Lgt. Nuclear Core destroyed. 02013_ Com. Wheel destroyed. 02021_ Assault Rifle destroyed. 02023_ Destroyed Scrap Shield. 02026_ Destroyed Sub. Laser. 02038_ GR-2WA(R) destroyed. 02039_ N0-HZ3(R) destroyed. 02045_ Acquired 8 matter. 02054_ Acquired 27 matter. 02099_ Sub. Laser destroyed. 02099_ S-10 Pest knocked back. Map ----- +----------------------------------------------------+ | ?????????????????????????????????????????????????? | | ?????????????????????????????????????????????????? | | ?????????????????????????????????????????????????? | | ?????????????????????????????????????????????????? | | ?????????????????????????????????????????????????? | | ?????????????????????????????????????????????????? | | ?????????????????????????????????????????????????? | | ?????????????????????????????????????????????????? | | ?????????????????????????????????????????????????? | | ?????????????????????????????????????????????????? | | ?????????????????????????????????????????????????? | | ?????????????????????????????????????????????????? | | ?????????????????????????????????????????????????? | | ?????????????????????????????????????????????????? | | ?????????????#???????????????????????????????????? | | ??????????"" ??????????????????????????????????? | | #??????????? ?????????????????????????????????? | | #??????????? ????????????????????????????????? | | #???????????" ???????????????????????????????? | | #????????????? ???####???????????????????????? | | ???????????????? ### ##??????????????????????? | | #????????????????? ######?????????????????? | | ##?????????????????? %ss ## ##????????????????? | | # ????????????????????%ss% " ##?????#??? ?????? | | #?????????????????????# " #????"#?? ??????? | | ##????????????#######?##@"" #????? ## ???????? | | #???????????## ##?# ##???? ???????? | | ###??????????# ### " ##???? ????????? | | #########???# " #???? ?????? | | ## ##??## " ##??# """ ??????? | | ##### ### " *### " "#?????????? | | ## #?##### " ! & % " "#?????????? | | ## ####??# """" """" #????????? | | #??## ##"""""" #????????? | | ##???####""""""""" ##????????? | | # ## #???????#""""""""""#?????????? | | ### ### ######??????? ""#?????????? | | ??###?# #####???????????# #?????????? | | ??????## ###????????????????# ## ### ???????????? | | ???????###??????????????????###?###??????????????? | | ?????????????????????????????????????????????????? | | ?????????????????????????????????????????????????? | | ?????????????????????????????????????????????????? | | ?????????????????????????????????????????????????? | | ?????????????????????????????????????????????????? | | ?????????????????????????????????????????????????? | | ?????????????????????????????????????????????????? | | ?????????????????????????????????????????????????? | | ?????????????????????????????????????????????????? | | ?????????????????????????????????????????????????? | +----------------------------------------------------+ Best States ------------- Heat Dissipation 25 Energy Generation 14 Energy Capacity 250 Matter Stores 300 Matter Capacity 300 Sight Range 16 Terrain Scan Density 10 Weapon Shielding 33 Evasion (%) 42 Targeting Accuracy 5 Item Schematics ----------------- None Robot Schematics ------------------ None Fabricated ------------ Nothing Alien Tech Used ----------------- None Achievements -------------- None Challenges ------------ None Game ------ Seed XenonMultinovaCanceller Manual? 0 Play Time 00:15:21 Cumulative 273.6 hours Start 2024.04.22 @ 08:27:15 End 2024.04.22 @ 12:55:49 Sessions 3 Manual Loads 0 Difficulty Rogue Special Mode None Game No. 214 Rogue 202 Adventurer 12 Explorer 0 Win Type - Total 1 Types 1/0/0/0/0/0/0/0/0 Lore% 33 Gallery% 51 Achievement% 37 Wizard Run 0 Options --------- Layout 1 ASCII 0 Keyboard 0 Movement Mouse Keybinds 0 Fullscreen 1 Font 32/SmallcapsGlow Map View 77x35 Zoom Use 0% Tactical HUD 1 Map Filters NONE Filters NONE Steam 1 RUN: 4b2b5579-69df-4ec3-b8f3-e4ea8993cd2f